 Dungeon Crawl Stone Soup version 0.20-a0-656-g9b0dcd9 (webtiles) character file.

224 Klosterheim the Reanimator (level 5, 0/28 HPs)
             Began as a Deep Elf Necromancer on Feb 17, 2017.
             Slain by Pikel
             ... wielding a +1 whip of freezing
              (9 damage)
             ... on level 2 of the Dungeon.
             The game lasted 00:07:12 (3744 turns).

Klosterheim the Reanimator (Deep Elf Necromancer)   Turns: 3744, Time: 00:07:12

Health: 0/28       AC:  3    Str:  5    XL:     5   Next: 67%
Magic:  0/13       EV: 13    Int: 21    God:
Gold:   103        SH:  0    Dex: 15    Spells: 4/12 levels left

rFire    . . .     SeeInvis +   g - staff of poison
rCold    . . .     Gourm    +   a - +0 robe
rNeg     . . .     Faith    .   (no shield)
rPois    +         Spirit   .   (no helmet)
rElec    .         Reflect  .   (no cloak)
rCorr    .         Harm     .   f - +0 pair of gloves
MR       .....                  (no boots)
Stlth    ++........             d - amulet of the gourmand
Regen    0.1/turn               (no ring)
MPRegen  0.2/turn               l - ring of see invisible

@: no status effects
A: no striking features
a: no special abilities


You were on level 2 of the Dungeon.
You were very full.

You visited 1 branch of the dungeon, and saw 4 of its levels.

You collected 103 gold pieces.

Inventory:

Armour
 a - a +0 robe (worn)
 f - a +0 pair of gloves (worn)
Magical Staves
 g - an uncursed staff of poison (weapon)
Jewellery
 d - an amulet of the gourmand (around neck)
 l - a ring of see invisible (left hand)
 q - a cursed amulet of inaccuracy {unknown}
Scrolls
 e - a scroll of blinking {unknown}
 j - a scroll of teleportation
Potions
 i - a potion of haste
 m - a potion of mutation {unknown}
 n - a potion of agility {unknown}
 o - a potion of cancellation {unknown}
 p - 2 potions of curing
 r - a potion of heal wounds {unknown}
Books
 b - a book of Necromancy

   Spells                             Type                      Level
   a - Pain                           Necromancy                   1
   b - Animate Skeleton               Necromancy                   1
   c - Vampiric Draining              Necromancy                   3
   d - Regeneration                   Charms/Necromancy            3
   e - Animate Dead                   Necromancy                   4
   f - Control Undead                 Necromancy                   4
Comestibles
 c - 3 bread rations
 h - 4 chunks of flesh
 k - a royal jelly


   Skills:
 - Level 2.4 Dodging
 - Level 2.4 Stealth
 + Level 4.0 Spellcasting
 * Level 8.0 Necromancy


You had 4 spell levels left.
You knew the following spells:

 Your Spells              Type           Power        Failure   Level  Hunger
a - Pain                  Necr           ####         1%          1    None
b - Vampiric Draining     Necr           #####.....   1%          3    ###....
c - Animate Dead          Necr           N/A          4%          4    ####...


Dungeon Overview and Level Annotations

Branches:
Dungeon (4/15)
 Temple: D:4-7

Altars:
Cheibriados
Gozag
Makhleb
Okawaru
Qazlal

Annotations:
D:2 Pikel


Message History

Aiming: Vampiric Draining
Press: ? - help, Shift-Dir - straight line, f - Pikel
Aim: Pikel, wielding a whip of freezing and wearing a robe Nothing appears to happen.
Pikel closely misses you.
Casting: Vampiric Draining
Confirm with . or Enter, or press ? or * to list all spells.
Aiming: Vampiric Draining
Press: ? - help, Shift-Dir - straight line, f/p - Pikel
Aim: Pikel, wielding a whip of freezing and wearing a robe Nothing appears to happen.
Pikel hits you with a whip of freezing. Pikel freezes you.
Casting: Vampiric Draining
Confirm with . or Enter, or press ? or * to list all spells.
Aiming: Pain
Press: ? - help, Shift-Dir - straight line, f/p - Pikel
Aim: Pikel, wielding a whip of freezing and wearing a robe (chance to defeat MR: 84%) Pikel barely resists.
Pikel hits you but does no damage.
You hit Pikel but do no damage. Pikel hits you with a whip of freezing!
Pikel freezes you. Pikel hits you with a whip of freezing!
You die...

#...###..≈§§_⌠≈≈.§.###.......###.
.........§≈§§§≈≈≈....'.........'.
#...###..≈≈§≈§≈§≈..###.........#.
##..# #...§.§§≈≈≈..####.......##.
##.###...§≈§...≈.§.# ##.....###.
##.#.#.≈..§§§.....≈.# ##...####.
#.###.............§.# ##.......
##.#..######........# #..####.
##.#.# #...K@...# #..# #. ###.#
#........######..####. #####.#
#..(................#. ......#
####.####.###......... #######
#.# #.# ##......#. #.####.#
##....... #......# ########
########


You could see Pikel.

Vanquished Creatures
  An orc priest (D:3)
  Natasha (thrice) (D:3)
  An adder (D:2)
  An ooze (D:1)
  5 worms
  2 dart slugs
  3 leopard geckos (D:3)
  8 orcs
  11 bats
  2 giant cockroaches (D:2)
  8 goblins
  6 hobgoblins
  5 jackals
  2 quokkas (D:2)
  A ball python (D:3)
  5 frilled lizards
  7 kobolds
  12 rats
83 creatures vanquished.

Vanquished Creatures (others)
  A dart slug (D:1)
  A goblin (D:1)
2 creatures vanquished.

Grand Total: 85 creatures vanquished

Notes
Turn   | Place    | Note
-------+----------+-------------------------------------------
     0 | D:1      | Klosterheim the Deep Elf Necromancer began the quest for the Orb.
     0 | D:1      | Reached XP level 1. HP: 10/10 MP: 6/6
     2 | D:1      | Noticed a demonspawn
     2 | D:1      | Noticed a felid
     4 | D:1      | Noticed a formicid
     4 | D:1      | Noticed an ogre
     6 | D:1      | Noticed a draconian
     6 | D:1      | Noticed a troll
     8 | D:1      | Noticed a halfling
     8 | D:1      | Noticed a spriggan
    10 | D:1      | Noticed a centaur
    12 | D:1      | Noticed a naga
    12 | D:1      | Noticed an octopode
    14 | D:1      | Noticed a gargoyle
    14 | D:1      | Noticed a ghoul
    16 | D:1      | Noticed a demigod
    16 | D:1      | Noticed an elf
    18 | D:1      | Noticed a vampire
    20 | D:1      | Noticed a tengu
    22 | D:1      | Noticed a dwarf
    24 | D:1      | Noticed a vine stalker
    24 | D:1      | Noticed a minotaur
    26 | D:1      | Noticed a merfolk
    26 | D:1      | Noticed a human
    79 | D:1      | Reached skill level 5 in Necromancy
   220 | D:1      | Reached XP level 2. HP: 11/15 MP: 2/8
  1049 | D:2      | Reached skill level 6 in Necromancy
  1050 | D:2      | Reached XP level 3. HP: 17/19 MP: 5/9
  1294 | D:2      | Found a snail-covered altar of Cheibriados.
  1513 | D:2      | Found a stormy altar of Qazlal.
  1895 | D:2      | Found an opulent altar of Gozag.
  2103 | D:2      | Reached XP level 4. HP: 21/24 MP: 5/10
  2471 | D:2      | Reached skill level 7 in Necromancy
  3158 | D:3      | Found an iron altar of Okawaru.
  3159 | D:3      | Reached XP level 5. HP: 26/28 MP: 9/12
  3278 | D:3      | Noticed Natasha
  3284 | D:3      | Killed Natasha
  3413 | D:3      | Noticed Natasha
  3417 | D:3      | Killed Natasha
  3519 | D:3      | Noticed Natasha
  3523 | D:3      | Killed Natasha
  3523 | D:3      | Reached skill level 8 in Necromancy
  3541 | D:3      | Found a burning altar of Makhleb.
  3668 | D:3      | Learned a level 3 spell: Vampiric Draining
  3673 | D:3      | Learned a level 4 spell: Animate Dead
  3698 | D:4      | Noticed Pikel
  3698 | D:4      | Noticed a slave
  3698 | D:4      | Noticed a slave
  3698 | D:4      | Noticed a slave
  3698 | D:4      | Noticed an ogre
  3744 | D:2      | Slain by Pikel

Vault maps used:
D:1:      kb_arrival_jail, lemuel_old_faithful
D:2:      kennysheep_slug_shrine, nicolae_qazlal_general_emergency,
          overflow_temple_1_default, minmay_misc_feat_more_columns
D:3:      okawaru_ov_weapons_minmay, lemuel_doored_altar, first_bread,
          grunt_decor_fettered, uniq_natasha
D:4:      cheibrodos_thug_alley, saegor_snake_ambush, uniq_pikel, uniq_duvessa,
          uniq_eustachio, uniq_crazy_yiuf_cottage

Skill      XL: |  1  2  3  4  5 |
---------------+----------------+-----
Necromancy     | 5 6 7 8 |  8.0
Spellcasting   | 4 |  4.0
Dodging        | |  2.4
Stealth        | |  2.4

Action                   |  1- 3 |  4- 6 || total
-------------------------+-------+-------++-------
Melee: Unarmed           |       |     2 ||     2
       Staff             |       |     1 ||     1
 Cast: Pain              |    75 |    87 ||   162
       Vampiric Draining |       |     5 ||     5
  Use: Scroll            |       |     7 ||     7
  Eat: Chunk             |     3 |    14 ||    17
Armor: Robe              |     1 |     7 ||     8
Dodge: Dodged            |    10 |    30 ||    40
